Map: Green Acres

Players

A.I. 5 (Medium)

  • Race: Zerg Zerg
  • Spawn Location: 3:00

A.I. 4 (Medium)

  • Race: Terran Terran
  • Spawn Location: 12:00

A.I. 3 (Medium)

  • Race: Protoss Protoss
  • Spawn Location: 1:00

Lunarbears

  • Race: Terran Terran
  • Spawn Location: 9:00

FroGGe

  • Race: Zerg Zerg
  • Spawn Location: 7:00

larsgj

  • Race: Protoss Protoss
  • Spawn Location: 6:00

VOD

Have the link to the VOD?

Description

Time

  • Played on: May 7, 2020, 2:33 p.m.
  • Length: 23:57
Show
View Real Time Build Order
Export as new Build Order

A.I. 5 (Medium) Zerg 

Build Orders: 1 Base Baneling Bust, Pool First 

Get SALT Encoding   

  12  0:01  Drone  
  13  0:12  Overlord  
  13  0:17  Drone  
  14  0:30  Drone  
  14  0:33  Drone  
  16  0:43  Spawning Pool  
  16  0:44  Drone  
  16  0:48  Drone  
  17  0:51  Extractor  
  17  0:55  Drone  
  17  1:05  Overlord  
  17  1:31  Zergling x2  
  17  1:32  Queen  
  18  1:34  Roach Warren  
  18  1:35  Zergling x2  
  18  1:38  Drone  
  21  1:40  Extractor  
  20  1:49  Drone  
  20  1:51  Baneling Nest  
  20  2:00  Drone  
  21  2:11  Zergling x2  
  22  2:21  Drone  
  23  2:32  Zergling x2  
  23  2:36  Baneling x2  
  24  2:40  Overlord  
  24  2:41  Zergling x2  
  25  2:45  Zergling x2  
  25  2:49  Zergling x2  
  27  2:54  Baneling, Zergling x2  
  28  2:59  Baneling  
  28  3:05  Zergling x2  
  29  3:07  Evolution Chamber  
  29  3:10  Drone  
  29  3:11  Zergling x2  
  30  3:13  Drone  
  30  3:17  Drone  
  32  3:27  Overlord  
  32  3:38  Drone  
  33  3:43  Drone  
  33  3:45  Drone  
  35  3:48  Drone  
  36  4:12  Zergling x2  
  36  5:09  Roach, Overlord, Lair, Drone  
  36  5:12  Drone, Spore Crawler  
  36  5:13  Spore Crawler  
  38  5:15  Drone  
  38  5:20  Roach  
  41  5:27  Drone  
  42  5:29  Overlord  
  42  5:32  Roach  
  44  5:38  Spine Crawler  
  44  5:39  Drone  
  41  5:44  Roach  
  41  5:47  Spine Crawler  
  41  5:49  Drone  
  43  5:55  Roach  
  44  6:08  Queen  
  44  6:09  Overseer x2  
  44  6:10  Infestation Pit  
  45  6:12  Drone, Hydralisk Den  
  45  6:21  Spire  
  45  6:23  Drone  
  44  6:29  Evolution Chamber, Zergling x2  
  44  6:32  Drone  
  40  6:40  Hydralisk  
  40  6:46  Hatchery  
  41  6:52  Hydralisk  
  43  7:03  Hydralisk  
  45  7:15  Hydralisk  
  47  7:43  Overseer  
  47  7:58  Drone, Queen  
  47  8:01  Drone  
  47  8:04  Drone  
  52  8:07  Drone  
  52  8:09  Overlord  
  52  8:10  Drone  
  52  8:12  Extractor  
  53  8:13  Drone  
  53  8:16  Drone  
  53  8:17  Spore Crawler  
  53  8:19  Drone  
  55  8:21  Drone, Spore Crawler  
  55  8:24  Drone  
  56  8:27  Drone  
  56  8:30  Drone  
  56  8:33  Drone  
  59  8:36  Drone  
  59  8:38  Overlord  
  60  8:42  Drone  
  60  8:44  Drone  
  60  8:45  Spine Crawler  
  60  8:47  Drone  
  62  8:50  Drone  
  62  8:53  Drone, Spine Crawler  
  63  8:56  Drone  
  63  8:59  Drone  
  65  9:03  Drone  
  65  9:05  Drone  
  67  9:13  Drone  
  67  9:15  Overlord  
  68  9:19  Pneumatized Carapace  
  68  9:20  Roach, Overseer  
  70  9:27  Roach  
  70  9:30  Zerg Melee Weapons Level 1  
  72  9:34  Roach  
  72  9:35  Overlord  
  74  9:39  Zerg Ground Armor Level 1  
  74  9:40  Roach  
  76  9:46  Burrow, Infestor  
  78  10:03  Hive  
  78  10:32  Zergling x2  
  78  10:38  Hydralisk  
  78  10:39  Extractor  
  75  10:45  Roach  
  65  10:52  Roach  
  65  10:56  Overlord, Overseer  
  65  10:58  Hydralisk  
  65  11:01  Drone  
  68  11:05  Hydralisk  
  70  11:12  Roach  
  70  11:16  Greater Spire  
  70  11:18  Hydralisk  
  72  11:21  Ultralisk Cavern  
  72  11:24  Zerg Missile Weapons Level 1  
  75  11:25  Roach  
  75  11:32  Roach  
  77  12:31  Spire  
  76  13:03  Mutalisk, Viper  
  81  13:06  Overlord  
  81  13:07  Zerg Flyer Weapons Level 1  
  81  13:13  Corruptor  
  82  13:23  Mutalisk  
  82  13:24  Overlord  
  82  13:25  Viper  
  87  13:33  Mutalisk  
  63  13:43  Zerg Flyer Armor Level 1, Corruptor  
  63  13:55  Overseer, Brood Lord  
  65  14:02  Overseer  
  65  14:12  Corruptor  
  67  14:21  Overlord, Overseer  
  67  14:23  Brood Lord  
  69  14:28  Corruptor  
  71  14:50  Corruptor, Brood Lord  
  71  14:51  Overlord  
  75  15:04  Zerg Flyer Weapons Level 2  
  75  15:37  Zerg Flyer Armor Level 2  
  75  15:45  Zerg Missile Weapons Level 2  
  75  16:20  Zerg Ground Armor Level 2  
  75  16:48  Zergling x2  
  76  16:56  Roach  
  78  17:02  Hydralisk  
  79  17:11  Roach  
  75  17:18  Roach  
  67  17:23  Zerg Flyer Weapons Level 3  
  67  17:25  Hydralisk  
  67  17:27  Hatchery  
  68  17:48  Infestor  
  70  17:56  Overlord, Ultralisk  
  76  18:01  Zerg Melee Weapons Level 2  
  76  18:07  Viper  
  79  18:18  Roach  
  81  18:22  Overlord  
  81  18:25  Roach  
  83  18:33  Roach  
  85  18:39  Hydralisk  
  87  18:47  Hydralisk  
  89  19:06  Extractor  
  89  19:08  Spore Crawler  
  87  19:13  Queen, Drone  
  87  19:14  Spore Crawler  
  87  19:16  Drone  
  86  19:17  Infestor  
  86  19:18  Extractor  
  86  19:21  Drone  
  84  19:27  Overseer  
  84  19:29  Drone  
  81  19:38  Spine Crawler  
  81  19:39  Drone  
  81  19:41  Spine Crawler  
  81  19:42  Drone  
  81  19:56  Ultralisk  
  81  19:57  Overlord  
  87  20:15  Drone  
  87  20:16  Overlord, Ultralisk  
  87  20:18  Drone  
  95  20:21  Drone  
  95  20:24  Drone  
  95  20:25  Corruptor  
  95  20:27  Drone  
  100  20:43  Viper  
  100  20:44  Overlord  
  103  21:03  Zerg Melee Weapons Level 3  
  103  21:21  Overlord, Ultralisk  
  109  21:40  Ultralisk  
  109  21:41  Overlord  
  115  21:59  Ultralisk  
  121  22:08  Queen  
  121  22:16  Overseer  
  121  22:17  Overlord  
  121  22:30  Spore Crawler  
  121  22:36  Hydralisk  
  115  22:46  Zergling x2  
  110  22:55  Hydralisk  
  110  23:05  Hydralisk  
  112  23:16  Ultralisk  
  116  23:56  Hatchery  
Show
View Real Time Build Order
Export as new Build Order

A.I. 4 (Medium) Terran 

Build Orders:  

Get SALT Encoding   

  12  0:01  SCV  
  13  0:13  SCV  
  14  0:18  Supply Depot  
  14  0:25  SCV  
  15  0:40  SCV  
  16  0:43  Barracks  
  16  0:48  Refinery  
  16  0:52  SCV  
  17  1:04  SCV  
  18  1:17  Supply Depot  
  18  1:31  Marine  
  19  1:33  Orbital Command, Barracks  
  19  1:43  Refinery  
  19  1:52  Marine  
  19  1:53  Factory  
  20  2:11  Barracks Tech Lab  
  20  2:20  Marine  
  21  2:24  Supply Depot  
  21  2:29  Marine  
  22  2:38  Marine  
  23  2:47  SCV  
  23  2:48  Hellion  
  26  2:59  SCV  
  26  3:02  Supply Depot  
  27  3:10  Hellion, Engineering Bay  
  27  3:11  SCV  
  30  3:23  SCV  
  31  3:31  Hellion  
  33  3:35  SCV  
  34  3:47  SCV  
  35  3:52  Hellion  
  37  5:10  Barracks Tech Lab  
  37  5:11  Marauder  
  37  5:12  SCV  
  37  5:13  Factory Tech Lab, Factory  
  40  5:16  Supply Depot  
  40  5:19  Missile Turret  
  40  5:21  Missile Turret  
  40  5:24  SCV  
  41  5:29  Sensor Tower  
  41  5:31  Armory, Marine  
  41  5:34  Barracks  
  42  5:35  Marine  
  42  5:38  Starport  
  42  5:40  Supply Depot  
  43  5:44  Bunker  
  45  5:50  Marauder  
  45  5:55  Marine  
  46  5:58  Ghost Academy  
  46  5:59  Factory Tech Lab  
  46  6:08  Command Center  
  48  6:11  Marauder  
  48  6:14  Starport Tech Lab  
  48  6:15  Marauder  
  50  6:22  Barracks Reactor  
  50  6:32  Ghost  
  42  6:37  Marine  
  42  6:42  Raven  
  42  6:55  Marine  
  42  6:59  Marine  
  44  7:08  Marine  
  45  7:18  Marine  
  45  7:21  SCV  
  49  7:24  Raven, SCV  
  50  7:33  SCV  
  50  7:36  SCV  
  52  7:37  Refinery  
  52  7:43  Missile Turret  
  52  7:45  SCV  
  52  7:46  Missile Turret  
  52  7:48  SCV, Refinery  
  54  7:57  SCV  
  55  8:00  SCV  
  56  8:09  SCV  
  56  8:10  Bunker  
  56  8:12  SCV  
  58  8:21  SCV  
  58  8:24  SCV  
  60  8:33  SCV  
  61  8:36  SCV  
  62  8:45  SCV  
  63  8:48  SCV  
  64  8:57  SCV  
  64  9:01  SCV  
  66  9:09  SCV  
  67  9:12  Siege Tank  
  67  9:14  Stimpack, Medivac  
  67  9:16  Starport  
  72  9:17  Supply Depot  
  72  9:20  Siege Tank  
  72  9:24  Combat Shield  
  75  9:39  Terran Infantry Weapons Level 1  
  75  9:40  Engineering Bay, Marine  
  75  9:42  Supply Depot  
  75  9:44  Medivac  
  77  9:48  Marine  
  77  9:52  Starport Tech Lab  
  63  9:56  Siege Tank  
  62  10:04  Marine  
  62  10:05  Terran Infantry Armor Level 1  
  63  10:12  Marine  
  66  10:19  Raven  
  66  10:20  Marine  
  69  10:23  Raven  
  69  10:25  Fusion Core  
  69  10:28  Marine  
  70  10:36  Armory, Marine  
  70  10:42  Concussive Shells  
  71  10:44  Marine  
  72  10:52  Siege Tank  
  75  10:57  Command Center  
  75  11:00  Marine  
  76  11:08  Siege Tank  
  79  11:16  Marine  
  80  11:24  Siege Tank  
  83  12:09  SCV  
  83  12:12  SCV  
  85  12:15  SCV  
  85  12:22  SCV  
  87  12:25  SCV  
  87  12:27  SCV, Refinery  
  87  12:29  Missile Turret  
  89  12:34  SCV  
  89  12:37  SCV  
  91  12:39  Missile Turret  
  91  12:40  SCV  
  91  12:41  Refinery  
  92  12:59  Bunker  
  92  13:21  Marauder  
  92  13:23  Terran Infantry Weapons Level 2, Marine  
  92  13:24  Terran Infantry Armor Level 2  
  92  13:25  Terran Ship Weapons Level 1, Terran Vehicle Weapons Level 1, Supply Depot  
  95  13:27  Widow Mine  
  95  13:30  Marine  
  95  13:33  Marine  
  99  13:41  Marine  
  99  13:42  Marine  
  99  13:48  Marine  
  100  13:51  Marine  
  100  13:53  Supply Depot  
  93  13:59  Marine x2  
  86  14:04  Widow Mine  
  86  14:05  Marine  
  86  14:07  Siege Tank  
  83  14:10  Marine  
  84  14:17  Marine  
  84  14:18  Marauder  
  84  14:23  Marine  
  88  14:26  Raven  
  88  14:28  Marine, Siege Tank  
  92  14:35  Marauder  
  94  14:39  Marauder  
  94  14:41  Marine  
  97  14:46  Marine  
  98  14:56  Marine  
  98  14:59  Marine  
  100  15:00  Marine  
  100  15:04  Marine  
  102  15:14  Marine  
  102  15:17  Marine  
  102  15:18  Marine  
  102  15:19  Terran Vehicle And Ship Armor Level 1  
  105  15:22  Terran Vehicle Weapons Level 2  
  105  15:32  Marauder  
  107  15:36  Marauder  
  107  15:39  Terran Infantry Weapons Level 3  
  109  15:43  Terran Infantry Armor Level 3  
  109  16:44  Command Center  
  109  16:54  Ghost  
  109  16:57  Ghost  
  113  17:06  Supply Depot  
  113  17:13  Terran Vehicle And Ship Armor Level 2  
  112  17:27  Marine  
  108  17:30  Marine  
  108  17:33  Marine  
  107  17:37  Marine  
  108  17:44  Marine  
  108  17:48  Marine  
  110  17:59  Marine  
  110  18:03  Marine  
  109  18:07  Marine  
  109  18:10  Marine  
  109  18:13  Missile Turret  
  109  18:17  Marine  
  102  18:21  Marine  
  102  18:24  Marine  
  96  18:27  Marine  
  91  18:35  Marine  
  91  18:39  Marauder, Missile Turret  
  90  18:43  Marauder  
  90  18:44  Raven  
  90  18:45  Marine  
  90  18:46  Raven  
  86  18:53  Marine  
  87  19:00  Marine, Refinery  
  88  19:03  Marine  
  88  19:04  Marauder  
  91  19:10  Bunker  
  91  19:11  Marine  
  91  19:15  Refinery  
  92  19:18  Marauder  
  96  19:26  Marauder  
  96  19:27  Raven  
  98  19:40  Marauder  
  100  20:25  Siege Tank  
  103  20:29  Supply Depot  
  103  20:30  Siege Tank  
  106  20:57  Siege Tank  
  109  21:03  Hellion  
  102  21:05  Marine  
  102  21:10  Marine  
  89  21:14  Command Center  
  89  21:16  Marine  
  82  21:21  Raven x2, Marine  
  83  21:26  Marine  
  83  21:31  Marine  
  85  21:36  Thor  
  91  21:42  Siege Tank  
  94  21:55  Command Center  
  96  22:04  Raven  
  96  22:14  Siege Tank  
  99  22:19  Siege Tank  
  101  22:39  Command Center  
  99  22:46  Siege Tank  
  101  22:51  Marine, Hellion  
  101  22:57  Marine  
  104  23:13  Hellion  
  104  23:18  Siege Tank  
  109  23:56  Refinery  
Show
View Real Time Build Order
Export as new Build Order

A.I. 3 (Medium) Protoss 

Build Orders:  

Get SALT Encoding   

  12  0:01  Probe  
  13  0:13  Probe  
  14  0:21  Pylon  
  14  0:25  Probe  
  15  0:35  Probe  
  16  0:43  Probe  
  16  0:49  Assimilator  
  17  0:52  Gateway  
  17  0:53  Probe  
  18  1:02  Pylon  
  18  1:30  Gateway  
  18  1:34  Assimilator  
  18  1:40  Zealot  
  18  1:43  Cybernetics Core  
  20  1:58  Zealot  
  20  2:05  Pylon  
  22  2:19  Warp Gate  
  22  2:22  Zealot  
  24  2:41  Zealot  
  26  2:55  Pylon  
  26  3:01  Zealot  
  26  3:04  Probe  
  28  3:12  Probe  
  30  3:20  Stalker  
  30  3:21  Probe  
  33  3:33  Probe, Forge  
  34  3:39  Stalker  
  36  3:45  Probe  
  37  3:50  Pylon  
  37  3:54  Adept  
  37  3:57  Probe  
  40  4:17  Probe  
  40  4:18  Adept  
  42  6:49  Sentry  
  42  6:50  Probe  
  42  6:52  Robotics Facility  
  45  6:55  Pylon  
  45  6:58  Photon Cannon  
  45  7:01  Photon Cannon  
  45  7:03  Stargate  
  45  7:04  Stalker  
  45  7:06  Twilight Council  
  47  7:11  Gateway  
  47  7:13  Forge  
  47  7:17  Nexus  
  47  7:18  Stalker  
  47  7:33  Stalker  
  49  7:42  Observer  
  50  7:47  Sentry  
  36  8:02  Adept  
  36  8:03  Observer  
  39  8:16  Stalker  
  41  8:29  Probe  
  41  8:30  Stalker  
  41  8:33  Probe  
  45  8:41  Probe  
  45  8:45  Probe, Adept  
  49  8:53  Probe  
  50  8:57  Probe  
  50  8:58  Assimilator  
  50  8:59  Zealot  
  50  9:00  Pylon  
  50  9:01  Pylon  
  53  9:03  Assimilator  
  53  9:05  Probe  
  53  9:09  Probe  
  55  9:13  Zealot  
  57  9:17  Probe  
  57  9:21  Probe  
  57  9:23  Photon Cannon  
  59  9:28  Probe  
  59  9:29  Photon Cannon  
  60  9:33  Probe  
  60  9:37  Probe  
  61  9:45  Probe x2  
  64  9:56  Probe  
  64  9:57  Probe  
  66  10:08  Probe  
  66  10:09  Probe  
  68  10:21  Probe  
  69  11:01  Observer  
  69  11:34  Stalker x2  
  69  11:38  Protoss Ground Armor Level 1  
  69  11:39  Immortal  
  73  11:41  Gateway  
  73  11:42  Stalker x2  
  73  11:43  Templar Archives  
  73  11:47  Robotics Facility, Protoss Ground Weapons Level 1  
  73  11:49  Sentry  
  73  11:51  Stargate  
  75  11:54  Pylon  
  75  11:58  Robotics Bay  
  75  12:00  Dark Shrine, Sentry  
  75  12:05  Fleet Beacon  
  71  12:10  Stalker  
  64  12:19  Observer  
  64  12:20  Zealot  
  64  12:22  Nexus  
  58  12:30  Sentry  
  58  12:31  Observer  
  61  12:40  Observer, Sentry  
  64  12:45  Warp Prism  
  64  12:46  Gravitic Drive  
  64  12:50  Stalker  
  68  13:00  Warp Prism, Stalker  
  72  13:10  Stalker  
  74  13:20  High Templar  
  76  13:31  High Templar  
  78  13:35  Immortal  
  78  13:36  Probe  
  78  13:39  Probe  
  84  13:42  Probe, Gravitic Boosters  
  86  13:48  Probe  
  86  13:51  Probe, Observer  
  86  13:54  Probe  
  88  14:00  Probe  
  89  14:03  Probe  
  89  14:04  Assimilator  
  89  14:06  Probe, Pylon  
  89  14:08  Pylon  
  91  14:10  Assimilator  
  91  14:29  Photon Cannon  
  91  14:31  Photon Cannon  
  91  15:42  Immortal  
  91  15:46  Immortal, Protoss Ground Weapons Level 2  
  91  15:50  Protoss Ground Armor Level 2  
  91  15:51  Zealot  
  91  15:54  Blink  
  93  15:57  Stalker  
  93  16:03  Stalker  
  97  16:09  Protoss Air Weapons Level 1, Stalker  
  99  16:15  Stalker  
  101  16:19  Colossus  
  101  16:22  Adept  
  99  16:28  Observer  
  97  16:35  Carrier  
  93  16:40  Stalker  
  93  16:42  Observer  
  93  16:46  Zealot  
  88  16:52  Sentry  
  91  16:58  Stalker  
  93  17:03  Stalker  
  95  17:09  Sentry  
  95  17:15  Stalker  
  99  17:56  Protoss Air Armor Level 1  
  99  17:57  Nexus  
  99  18:08  Protoss Shields Level 1  
  99  18:11  Protoss Ground Weapons Level 3  
  99  18:57  Colossus  
  99  19:18  Immortal  
  103  19:24  Disruptor  
  106  19:31  Phoenix  
  108  19:41  Assimilator  
  108  19:44  Pylon  
  108  19:46  Pylon  
  108  19:47  Assimilator  
  108  19:49  Immortal  
  108  19:57  Immortal, Protoss Air Weapons Level 2  
  108  19:59  Zealot  
  116  20:08  Protoss Ground Armor Level 3  
  116  20:09  Photon Cannon  
  116  20:12  Photon Cannon  
  116  20:15  Zealot  
  110  20:22  Sentry  
  102  20:30  Sentry  
  94  20:37  Adept  
  88  20:43  Observer  
  88  20:44  Stalker  
  88  20:45  Observer  
  88  20:46  Protoss Shields Level 2  
  90  20:51  Stalker  
  92  20:59  Stalker  
  94  21:06  Stalker  
  96  21:13  Stalker  
  98  21:21  Stalker  
  100  21:28  Carrier  
  106  21:33  Disruptor  
  108  22:09  Probe  
  109  23:29  Zealot  
  111  23:38  Adept  
  113  23:47  Adept  
Show
View Real Time Build Order
Export as new Build Order

Lunarbears Terran 

Build Orders:  

Get SALT Encoding   

  12  0:04  SCV  
  13  0:18  Supply Depot  
  13  0:19  SCV  
  14  0:40  SCV  
  14  0:41  Supply Depot  
  15  0:52  SCV  
  15  0:56  Barracks  
  16  1:04  SCV  
  16  1:10  Supply Depot  
  17  1:17  SCV, Refinery  
  18  1:23  Refinery  
  18  1:45  Barracks  
  18  1:48  Marine  
  19  2:00  SCV  
  20  2:06  Marine  
  21  2:12  SCV  
  22  2:16  Supply Depot  
  22  2:24  Marine  
  23  2:30  SCV  
  24  2:41  Marine  
  24  2:42  SCV, Supply Depot  
  26  2:47  Marine  
  27  2:54  SCV  
  28  2:59  Marine  
  28  3:05  Marine  
  29  3:09  Barracks  
  30  3:13  Supply Depot  
  30  3:17  Marine  
  30  3:18  SCV  
  32  3:24  Marine  
  33  3:35  Marine  
  34  4:13  Barracks  
  34  4:19  Marine x2  
  34  4:20  Marine  
  37  4:30  Command Center  
  37  4:44  Marine  
  37  4:45  Marine x2  
  40  5:02  Marine  
  41  5:08  Factory  
  24  6:08  Marine x3  
  24  6:09  Marine  
  27  6:25  Marine  
  27  6:26  Marine  
  29  6:44  Reaper x2  
  25  7:52  Starport, Marine x2  
  25  7:53  Marine  
  25  7:54  Marine  
  29  8:08  SCV  
  29  8:10  Marine x2  
  29  8:11  Marine  
  29  8:12  Marine  
  34  8:20  SCV  
  35  8:28  Marine x3  
  35  8:29  Marine  
  35  8:32  SCV  
  40  8:36  Starport Tech Lab  
  40  8:44  SCV  
  40  8:46  Fusion Core, Marine x3  
  40  8:47  Marine  
  45  8:56  SCV  
  46  9:04  Marine x3  
  46  9:05  Marine  
  43  11:15  Marine x3  
  43  11:16  Marine  
  47  11:33  Marine x3  
  47  11:34  Marine  
  47  11:36  Armory  
  51  11:51  Marine x3  
  51  11:52  Marine  
  55  12:09  Marine x4  
  59  12:23  Command Center  
  59  12:27  Marine x3  
  62  12:42  Terran Vehicle Weapons Level 1  
  62  13:21  Starport  
  62  13:24  Marine  
  63  13:35  Marine x3  
  66  13:42  Marine  
  64  13:52  Marine x3  
  38  14:25  Marine x3  
  38  14:26  Marine  
  42  14:35  SCV  
  43  14:43  Marine x3  
  46  14:47  SCV  
  46  14:51  Starport Tech Lab  
  47  14:59  SCV  
  48  15:11  SCV  
  49  15:23  SCV  
  50  15:49  Battlecruiser  
  42  16:53  Battlecruiser  
  48  17:15  Command Center  
  40  17:29  Marine  
  35  17:30  Marine x2  
  37  17:47  Marine  
  37  17:48  Marine x2  
  40  17:52  Marine  
  43  18:09  Marine  
  27  20:50  SCV  
  28  21:02  SCV  
  29  21:14  SCV  
  30  21:26  SCV  
  27  22:28  Factory  
  27  22:31  Engineering Bay  
Show
View Real Time Build Order
Export as new Build Order

FroGGe Zerg 

Build Orders: Pool First 

Get SALT Encoding   

  12  0:33  Drone  
  12  0:34  Drone  
  14  0:42  Spawning Pool  
  13  1:09  Overlord  
  13  1:13  Drone  
  14  1:42  Extractor  
  13  1:50  Zergling x6  
  16  2:24  Drone  
  16  2:25  Drone x2  
  19  2:55  Zergling x2  
  20  3:26  Metabolic Boost  
  20  3:51  Zergling x4  
  22  4:21  Hatchery  
  21  4:37  Drone, Evolution Chamber  
  21  4:38  Drone  
  22  4:53  Lair  
  22  5:01  Extractor  
  21  5:13  Zergling x2  
  22  5:34  Overlord x3  
  18  6:31  Roach Warren  
  17  7:16  Hatchery  
  16  7:23  Roach x3  
  19  7:36  Glial Reconstitution  
  20  8:04  Roach x3  
  26  8:20  Hatchery  
  25  8:41  Roach x3  
  31  8:54  Tunneling Claws  
  31  9:29  Drone x3  
  34  9:39  Roach  
  34  9:49  Ravager  
  35  10:25  Hatchery  
  34  10:32  Roach x3  
  34  10:33  Roach  
  42  11:08  Ravager  
  43  11:40  Ravager  
  43  11:46  Roach x4  
  43  11:47  Roach x2  
  54  11:52  Drone x2  
  58  12:58  Overlord x3  
  30  14:17  Drone  
  30  14:18  Roach x2  
  34  14:25  Roach x3  
  34  14:26  Roach x3  
  46  14:56  Drone x3  
  49  15:17  Roach x3  
  55  15:25  Zerg Melee Weapons Level 1  
  55  15:56  Evolution Chamber  
  54  17:19  Zerg Missile Weapons Level 1  
  28  17:36  Roach x6  
  38  17:37  Roach x3  
  19  18:31  Roach x3  
  19  18:32  Roach x2  
  29  19:13  Zerg Ground Armor Level 1  
  29  19:22  Hydralisk Den  
  28  19:46  Hatchery  
  16  20:15  Hydralisk x3  
  16  20:16  Hydralisk x3  
  28  20:57  Muscular Augments  
  25  21:10  Hydralisk x2  
  25  21:11  Hydralisk x4  
  27  21:22  Zerg Ground Armor Level 2  
  27  21:45  Infestation Pit  
  26  21:56  Hydralisk x3  
  26  21:58  Hydralisk x2  
  36  22:08  Grooved Spines  
  14  22:49  Hydralisk  
  14  22:50  Hydralisk x5  
Show
View Real Time Build Order
Export as new Build Order

larsgj Protoss 

Build Orders: Cannon Rush, Carriers 

Get SALT Encoding   

  12  0:03  Probe  
  13  0:15  Probe  
  14  0:32  Pylon  
  14  0:38  Probe  
  15  0:51  Probe, Forge  
  16  1:03  Probe  
  17  1:05  Pylon  
  17  1:19  Gateway  
  17  1:26  Probe  
  18  1:38  Probe  
  18  1:39  Photon Cannon  
  19  1:43  Photon Cannon  
  19  1:50  Probe  
  20  1:55  Photon Cannon  
  20  2:03  Probe, Photon Cannon  
  21  2:13  Pylon  
  21  2:15  Probe  
  22  2:18  Pylon  
  22  2:30  Photon Cannon  
  22  2:32  Photon Cannon  
  22  2:42  Photon Cannon  
  22  2:48  Probe  
  23  3:00  Probe  
  23  3:02  Assimilator  
  24  3:05  Assimilator  
  24  3:13  Probe, Photon Cannon  
  24  3:19  Photon Cannon  
  25  3:25  Probe  
  25  3:26  Photon Cannon  
  26  3:32  Photon Cannon  
  26  3:42  Photon Cannon  
  26  3:46  Probe  
  27  3:58  Probe  
  28  4:03  Pylon  
  28  4:08  Pylon  
  28  4:14  Pylon  
  28  4:17  Photon Cannon  
  28  4:23  Photon Cannon  
  28  4:35  Cybernetics Core  
  28  4:37  Probe  
  29  4:49  Probe  
  30  4:53  Protoss Shields Level 1  
  30  5:01  Probe  
  31  5:11  Twilight Council  
  31  5:29  Protoss Air Weapons Level 1  
  31  5:59  Pylon  
  31  6:07  Photon Cannon  
  31  6:19  Photon Cannon  
  31  6:21  Photon Cannon  
  31  7:07  Pylon  
  31  7:26  Photon Cannon  
  31  7:28  Photon Cannon  
  31  7:31  Photon Cannon  
  31  7:33  Photon Cannon  
  30  7:38  Protoss Air Armor Level 1  
  30  7:54  Stargate  
  30  7:56  Stargate  
  30  7:58  Stargate  
  30  8:13  Protoss Shields Level 2  
  30  8:20  Pylon  
  30  8:53  Pylon  
  30  9:04  Photon Cannon  
  30  9:06  Photon Cannon  
  30  9:08  Photon Cannon  
  30  9:10  Photon Cannon  
  30  9:16  Photon Cannon  
  30  9:17  Photon Cannon  
  30  9:19  Photon Cannon  
  30  9:22  Photon Cannon  
  30  9:27  Pylon  
  30  9:39  Pylon  
  29  10:14  Pylon, Fleet Beacon  
  28  11:12  Photon Cannon x2  
  28  11:15  Photon Cannon  
  28  11:17  Photon Cannon x2  
  28  11:21  Photon Cannon  
  28  11:49  Nexus  
  28  12:10  Photon Cannon  
  28  12:22  Shield Battery  
  28  12:51  Assimilator  
  28  13:06  Photon Cannon  
  28  13:08  Photon Cannon  
  28  13:52  Carrier  
  34  14:08  Carrier  
  40  14:25  Assimilator  
  40  14:26  Probe  
  41  14:35  Photon Cannon  
  41  14:36  Photon Cannon  
  41  14:38  Probe  
  42  14:46  Photon Cannon  
  42  14:50  Probe  
  43  14:56  Photon Cannon  
  43  15:02  Probe  
  44  15:14  Probe  
  45  15:35  Probe  
  46  15:40  Protoss Air Weapons Level 2  
  46  15:47  Probe  
  47  15:59  Probe  
  48  16:11  Probe  
  48  16:13  Protoss Shields Level 3  
  49  16:41  Carrier  
  55  16:55  Carrier  
  44  17:53  Carrier x2  
  56  17:59  Carrier  
  61  18:56  Protoss Air Armor Level 2  
Tags
 
Add a new tag
Caveats
  • Supply blocks, unpowered buildings, or Contaminate may cause inaccurate times.
  • Supply counts are checked every 10 seconds.